Match 47212436
Unlisted

Match 47212436
End
Kradschützen Motorcycle Team
Selects Italian Combined Arms Battlegroup
Selects Italian Combined Arms Battlegroup
Selects Bersaglieri Squad
Bersaglieri Squad
Bersaglieri Squad
Construct Light Support Kompanie
2.5-tonne Medical Truck
Selects Bersaglieri Bolster
Selects Bersaglieri Bolster
Fire Support Elements
Panzerjäger Mechanized Group
Veteran Squad Leaders
Selects Semovente da 75/18 Assault Gun
Semovente da 75/18 Assault Gun
Assault Mechanized Group
Construct Panzerarmee Kommand
Pak 38 Anti-tank Gun Team
Selects Strafing Run
Selects Artillery Cover
Selects Strafing Run
Strafing Run
Walking Stuka Rocket Launcher
Pak 38 Anti-tank Gun Team
Flak 36 Anti-tank Gun Team
乱杀大王
Lardt
CAuMOH
K̳itsuné
0
0

Comments sign in to comment!

No comments posted yet!